 Dungeon Crawl Stone Soup version 0.24.0-37-gcf1ca852f1 (webtiles) character file.

Game seed: 1388021281300980299, levelgen mode: deterministic

731 FishyPogo the Fighter (level 7, -4/70 HPs)
             Began as a Gnoll Wanderer on Dec 1, 2019.
             Was a Believer of Lugonu.
             Slain by an orc wizard
             ... wielding a +2 dagger of electrocution
              (6 damage)
             ... on level 4 of the Dungeon.
             The game lasted 00:19:03 (3083 turns).

FishyPogo the Fighter (Gnoll Wanderer)              Turns: 3083, Time: 00:19:04

Health: -4/70      AC:  4    Str: 17    XL:     7   Next: 73%
Magic:  10/10      EV: 16    Int: 10    God:    Lugonu [**....]
Gold:   274        SH:  0    Dex: 18    Spells: 11/11 levels left

rFire    + . .     SeeInvis .   b - +0 mace
rCold    + . .     Gourm    .   (no shield)
rNeg     . . .     Faith    .   v - +2 robe {rC+ rF+}
rPois    .         Spirit   .   (no helmet)
rElec    .         Reflect  .   (no cloak)
rCorr    +         Harm     .   (no gloves)
MR       .....                  (no boots)
Stlth    ++........             (no amulet)
HPRegen  0.21/turn              p - ring of resist corrosion
MPRegen  0.12/turn              d - +3 ring of evasion

@: no status effects
A: distributed training, fangs 1, strong nose
a: Depart the Abyss, Bend Space, Renounce Religion


You were on level 4 of the Dungeon.
You worshipped Lugonu.
Lugonu was pleased with you.
You were not hungry.

You visited 1 branch of the dungeon, and saw 4 of its levels.

You collected 274 gold pieces.

Inventory:

Hand Weapons
 a - a +2 shortbow
 b - a +0 mace (weapon)
Missiles
 c - 108 arrows
 j - 82 stones
 o - 31 poisoned darts (quivered)
 y - a throwing net
Armour
 v - a +2 robe of resistance (worn)
 z - a +3 leather armour of poison resistance
Jewellery
 d - a +3 ring of evasion (right hand)
 p - a ring of resist corrosion (left hand)
Wands
 t - a wand of disintegration (11)
 w - a wand of random effects (8)
Scrolls
 g - 7 scrolls of remove curse {unknown}
 k - 2 scrolls of identify {unknown}
 l - a scroll of fear {unknown}
 m - a scroll of magic mapping {unknown}
 n - 2 scrolls of teleportation {unknown}
 q - 3 scrolls of amnesia {unknown}
 u - a scroll of blinking {unknown}
 x - a scroll of enchant weapon {unknown}
Potions
 e - a potion of ambrosia {unknown}
 i - a potion of flight
 r - a potion of brilliance
 s - a potion of degeneration
Comestibles
 f - 11 rations
 h - 18 chunks of flesh


   Skills:
 + Level 12.2 Fighting
 + Level 2.6 Short Blades
 + Level 2.6 Long Blades
 + Level 2.6 Axes
 + Level 2.6 Maces & Flails
 + Level 2.6 Polearms
 + Level 2.6 Staves
 + Level 2.6 Slings
 + Level 3.7 Bows
 + Level 2.6 Crossbows
 + Level 2.6 Throwing
 + Level 3.7 Armour
 + Level 2.6 Dodging
 + Level 2.6 Stealth
 + Level 2.6 Shields
 + Level 2.6 Unarmed Combat
 + Level 2.6 Spellcasting
 + Level 2.1 Conjurations
 + Level 2.1 Hexes
 + Level 2.1 Charms
 + Level 2.1 Summonings
 + Level 2.1 Necromancy
 + Level 2.1 Translocations
 + Level 2.1 Transmutations
 + Level 2.1 Fire Magic
 + Level 2.1 Ice Magic
 + Level 2.1 Air Magic
 + Level 2.1 Earth Magic
 + Level 2.1 Poison Magic
 + Level 2.9 Invocations
 + Level 5.3 Evocations


You had 11 spell levels left.
You didn't know any spells.
Your spell library was empty.

Dungeon Overview and Level Annotations

Branches:
Dungeon (4/15)
 Temple: D:4-7

Altars:
Lugonu


Innate Abilities, Weirdness & Mutations

Your experience applies equally to all skills.
You have very sharp teeth.
Your uncanny sense of smell can sniff out nearby items.


Message History

You are too injured to fight recklessly!
You are too injured to fight recklessly!
You hit Robin.
Robin is heavily wounded.
Robin barely misses you.
A goblin comes into view.
Robin hits you with a +0 mace!
You hit Robin.
You kill Robin!
Lugonu accepts your kill.
Throwing (i - inventory. (/) - cycle)
o - 32 poisoned darts (quivered)
Press: ? - help, Shift-Dir - straight line You throw a poisoned dart.
The poisoned dart closely misses the orc.
The poisoned dart hits the goblin.
Something hits you.
You are electrocuted!!
* * * LOW HITPOINT WARNING * * *
You barely miss something. Something hits you!
* * * LOW HITPOINT WARNING * * *
Something hits you.
You die...

........# #g
........## #g
.^.......########.o
..)......##....(# .###
..........#.###.# .g#
.......#..#.# #.# #g#
#########.#.# #.# #.#
#####.......# #)####)#
........##.####.@)og(#
........#.>...########
........#.....#
........#.....#
........#.....#
........#.....#
#####.........#
#####.....# #######


You could see an orc and a goblin.

Vanquished Creatures
  Sigmund (D:4)
  Eustachio (D:4)
  A gnoll shaman (D:4)
  3 orc priests
  A bullfrog skeleton (D:4)
  Terence (D:2)
  An orc wizard (D:4)
  A worker ant (D:4)
  Robin (D:4)
  3 gnolls (D:4)
  7 adders
  2 adder skeletons (D:4)
  A worm (D:2)
  2 dart slugs
  A leopard gecko (D:1)
  5 orcs
  4 giant cockroaches
  8 hobgoblins
  9 jackals
  7 kobolds
  3 quokkas
  2 ball pythons (D:1)
  10 bats
  3 frilled lizards
  11 goblins
  9 rats
98 creatures vanquished.

Notes
Turn   | Place    | Note
-------+----------+-------------------------------------------
     0 | D:1      | Reached skill level 12 in Fighting
     0 | D:1      | FishyPogo the Gnoll Wanderer began the quest for the Orb.
     0 | D:1      | FishyPogo set off with the following items: a +2 shortbow,
                  | 23 arrows, a +0 mace, a wand of random effects (15), a +0
                  | robe, a ration
     0 | D:1      | Reached XP level 1. HP: 31/31 MP: 3/3
   178 | D:1      | Reached XP level 2. HP: 38/38 MP: 5/5
   344 | D:1      | Reached XP level 3. HP: 35/44 MP: 6/6
   791 | D:2      | Reached skill level 1 in Invocations
   830 | D:2      | Reached skill level 1 in Short Blades
   830 | D:2      | Reached skill level 1 in Long Blades
   830 | D:2      | Reached skill level 1 in Axes
   830 | D:2      | Reached skill level 1 in Maces & Flails
   830 | D:2      | Reached skill level 1 in Polearms
   830 | D:2      | Reached skill level 1 in Staves
   830 | D:2      | Reached skill level 1 in Slings
   830 | D:2      | Reached skill level 1 in Crossbows
   830 | D:2      | Reached skill level 1 in Throwing
   830 | D:2      | Reached skill level 1 in Dodging
   830 | D:2      | Reached skill level 1 in Stealth
   830 | D:2      | Reached skill level 1 in Shields
   830 | D:2      | Reached skill level 1 in Unarmed Combat
   830 | D:2      | Reached skill level 1 in Spellcasting
   901 | D:2      | Reached XP level 4. HP: 49/51 MP: 7/7
  1320 | D:2      | Noticed Terence
  1347 | D:2      | Killed Terence
  1347 | D:2      | Reached skill level 1 in Conjurations
  1347 | D:2      | Reached skill level 1 in Hexes
  1347 | D:2      | Reached skill level 1 in Charms
  1347 | D:2      | Reached skill level 1 in Summonings
  1347 | D:2      | Reached skill level 1 in Necromancy
  1347 | D:2      | Reached skill level 1 in Translocations
  1347 | D:2      | Reached skill level 1 in Transmutations
  1347 | D:2      | Reached skill level 1 in Fire Magic
  1347 | D:2      | Reached skill level 1 in Ice Magic
  1347 | D:2      | Reached skill level 1 in Air Magic
  1347 | D:2      | Reached skill level 1 in Earth Magic
  1347 | D:2      | Reached skill level 1 in Poison Magic
  1456 | D:3      | Reached XP level 5. HP: 39/57 MP: 8/8
  1993 | D:3      | Found a faded altar of an unknown god.
  2002 | D:3      | Became a worshipper of Lugonu the Unformed
  2002 | D:3      | Reached * piety under Lugonu
  2002 | D:3      | Reached ** piety under Lugonu
  2188 | D:4      | Noticed Sigmund
  2501 | D:4      | Reached XP level 6. HP: 64/64 MP: 9/9
  2654 | D:4      | Killed Sigmund
  2654 | D:4      | Reached skill level 5 in Evocations
  2654 | D:4      | Reached XP level 7. HP: 56/70 MP: 10/10
  2923 | D:4      | Noticed Eustachio
  2933 | D:4      | Killed Eustachio
  3030 | D:4      | Noticed Robin
  3081 | D:4      | Killed Robin
  3083 | D:4      | HP: 2/70 [something (7)]
  3083 | D:4      | Slain by an orc wizard

Levels and vault maps discovered:
D:1:      roderic_octagonal_star, layout_loops_ring
D:2:      layout_loops_ring, first_ration, uniq_terence
D:3:      layout_loops_ring, chequers_ecumenical_altar_simple_redux
D:4:      layout_basic, uniq_robin, uniq_eustachio, uniq_sigmund

Skill      XL: |  1  2  3  4  5  6  7 |
---------------+----------------------+-----
Fighting       | | 12.2
Invocations    | 1 2 |  2.9
Short Blades   | 1 2 |  2.6
Long Blades    | 1 2 |  2.6
Axes           | 1 2 |  2.6
Maces & Flails | 1 2 |  2.6
Polearms       | 1 2 |  2.6
Staves         | 1 2 |  2.6
Slings         | 1 2 |  2.6
Crossbows      | 1 2 |  2.6
Throwing       | 1 2 |  2.6
Dodging        | 1 2 |  2.6
Stealth        | 1 2 |  2.6
Shields        | 1 2 |  2.6
Unarmed Combat | 1 2 |  2.6
Spellcasting   | 1 2 |  2.6
Conjurations   | 1 2 |  2.1
Hexes          | 1 2 |  2.1
Charms         | 1 2 |  2.1
Summonings     | 1 2 |  2.1
Necromancy     | 1 2 |  2.1
Translocations | 1 2 |  2.1
Transmutations | 1 2 |  2.1
Fire Magic     | 1 2 |  2.1
Ice Magic      | 1 2 |  2.1
Air Magic      | 1 2 |  2.1
Earth Magic    | 1 2 |  2.1
Poison Magic   | 1 2 |  2.1
Bows           | 3 |  3.7
Armour         | 3 |  3.7
Evocations     | 5 |  5.3

Action                   |  1- 3 |  4- 6 |  7- 9 || total
-------------------------+-------+-------+-------++-------
Melee: Mace              |    96 |   168 |    53 ||   317
       Bite              |     7 |    22 |     4 ||    33
       Punch             |       |     1 |     2 ||     3
 Fire: Shortbow          |     8 |    10 |     9 ||    27
Throw: Stone             |     2 |     3 |       ||     5
       Dart              |       |       |    14 ||    14
Invok: Bend Space        |       |       |     3 ||     3
Evoke: Wand              |       |     1 |     7 ||     8
  Use: Potion            |       |     7 |       ||     7
 Stab: Sleeping          |     1 |     5 |       ||     6
  Eat: Chunk             |       |     6 |     2 ||     8
Armor: Robe              |    38 |    21 |     6 ||    65
       Skin              |       |    44 |       ||    44
Dodge: Dodged            |    93 |   123 |    33 ||   249
